 Dungeon Crawl Stone Soup version 0.17-a0-1923-gc35365e (webtiles) character file.

197695 Kusio the Markscentaur (level 17, -2/148 HPs)
             Began as a Centaur Hunter on Sept 27, 2015.
             Was a High Priest of Qazlal.
             Killed from afar by a deep elf knight (28 damage)
             ... with a shard of ice
             ... on level 1 of the Elven Halls on Sept 28, 2015.
             The game lasted 04:33:17 (43610 turns).

Kusio the Markscentaur (Centaur Hunter)            Turns: 43610, Time: 04:33:17

Health: -2/148     AC: 19    Str: 17    XL:     17   Next: 78%
Magic:  27/27      EV:  8    Int: 10    God:    Qazlal [*****.]
Gold:   1597       SH:  7    Dex: 15    Spells: 0 memorised, 16 levels left

rFire  + + +     SeeInvis .     k - +6 scimitar of Flaming Death {sticky flame, rPois rF++ rC- MR+}
rCold  + . .     Clarity  .     g - +0 ring mail of Serendipity {rF+}
rNeg   . . .     SustAt   .     (no shield)
rPois  +         Gourm    .     H - +1 hat
rElec  .         Spirit   .     U - +0 cloak
rCorr  .         Warding  .     N - +1 pair of gloves
rMut   .         Stasis   .     q - +0 centaur barding {rC+}
MR     +++..                    x - amulet of regeneration
Stlth  ..........               a - ring of protection from fire
                                c - ring of protection from cold

@: protected from physical damage, repel missiles, heavily drained, very quick,
extremely resistant to hostile enchantments, extremely unstealthy
A: hooves 3, thin metallic scales 1, blink, deformed body, speed 2, magic
resistance 1, tough skin 3
a: Blink, Upheaval, Elemental Force, Disaster Area, Renounce Religion
}: 1/15 runes: gossamer


You were on level 1 of the Elven Halls.
You worshipped Qazlal.
Qazlal was extremely pleased with you.
You were not hungry.

You visited 5 branches of the dungeon, and saw 32 of its levels.
You also visited: Ice Cave.

You collected 2857 gold pieces.
You spent 1260 gold pieces at shops.

Inventory:

Hand weapons
 k - the +6 scimitar of Flaming Death (weapon) {sticky flame, rPois rF++ rC- MR+}
   (You took it off Azrael on level 14 of the Dungeon)

   It has been specially enchanted to burn those struck by it, causing extra
   injury to most foes and up to half again as much damage against particularly
   susceptible opponents.
   Big, fiery blades are also staple armaments of hydra-hunters.
   It greatly protects you from fire.
   It makes you vulnerable to cold.
   It protects you from poison.
   It affects your resistance to hostile enchantments.
 B - the +8 shortbow "Alaow" {freeze, rN+}
   (You bought it in a shop on level 4 of the Orcish Mines)

   It causes projectiles fired from it to freeze those they strike, causing
   extra injury to most foes and up to half again as much damage against
   particularly susceptible opponents.
   They can also slow down cold-blooded creatures.
   It protects you from negative energy.
 I - a +0 blowgun
Missiles
 d - 96 arrows
 n - 33 arrows of frost
 o - 14 poisoned arrows
 t - 26 curare-tipped needles
 S - an arrow of dispersal
Armour
 g - the +0 ring mail of Serendipity (worn) {rF+}
   (You found it on level 12 of the Dungeon)

   It protects you from fire.
 q - a +0 centaur barding of cold resistance (worn)
 H - a +1 hat (worn)
 N - a +1 pair of gloves (worn)
 R - a +1 robe of positive energy
 U - a +0 cloak (worn)
 Y - a +0 large shield of protection
Jewellery
 a - a ring of protection from fire (right hand)
 c - a ring of protection from cold (left hand)
 s - the amulet of Reiwaria {Clar +Blink Str+3 Dex+4}
   (You found it on level 8 of the Lair of Beasts)

   [amulet of clarity]

   It provides mental clarity.
   It affects your strength (+3).
   It affects your dexterity (+4).
   It lets you blink.
 x - an amulet of regeneration (around neck)
Magical devices
 b - a wand of paralysis (19)
 p - a wand of fire (5)
 v - a wand of slowing (25)
 A - a wand of cold (0)
Scrolls
 f - 8 scrolls of remove curse
 j - 6 scrolls of enchant weapon
 y - 3 scrolls of identify
 C - 2 scrolls of teleportation
 D - a scroll of magic mapping
 E - 3 scrolls of recharging
 F - 3 scrolls of fear
 K - 3 scrolls of silence
 M - 8 scrolls of enchant armour
 P - 4 scrolls of fog
 W - a scroll of holy word
Potions
 h - 2 potions of agility
 i - 9 potions of curing
 z - a potion of haste
 J - a potion of resistance
 T - 3 potions of might
Miscellaneous
 l - a stone of tremors
 Q - a sack of spiders {used: 3}
Comestibles
 e - 15 bread rations
 u - 16 meat rations


   Skills:
 - Level 12.4(10.4) Fighting
 - Level 14.0(11.9) Long Blades
 - Level 18.4(16.1) Bows
 - Level 10.6(8.7) Throwing
 - Level 4.1(2.5) Armour
 - Level 4.6(3.0) Dodging
 - Level 0.5(0.0) Stealth
 - Level 2.1(0.6) Shields
 + Level 13.6(11.6) Invocations
 + Level 12.8(10.8) Evocations


You had 16 spell levels left.
You didn't know any spells.

Dungeon Overview and Level Annotations

Branches:
Dungeon (15/15)            Temple (0/1) D:7            Lair (8/8) D:9
  Swamp (0/4) Lair:4       Spider (4/4) Lair:5        Slime (0/6) Lair:8
    Orc (4/4) D:12            Elf (1/3) Orc:4        Vaults (0/5) D:14
 Depths (0/5) D:15

Altars:
Ashenzari
Cheibriados
Dithmenos
Elyvilon
Fedhas
Gozag
Makhleb
Qazlal
Ru
Vehumet
Xom
Zin

Shops:
D:5 !   D:6 }   D:9 ?   D:13 !   D:15 (   Orc:3 *   Orc:4 *([[

Portals:
Trove: Elf:1 (show abyssal rune of Zot)


Innate Abilities, Weirdness & Mutations

You have hooves in place of feet.
Armour fits poorly on your strangely shaped body.
You cover ground very quickly.
You have extremely tough skin (AC +3).
You are partially covered in thin metallic scales (AC +2).
You can translocate small distances at will.
You are resistant to hostile enchantments.


Message History

You kill the deep elf conjurer!
Qazlal accepts your kill. Something hits you!
The deep elf summoner mumbles some strange words.
You hear a shout!
You hear a shout!
There is an open door here.
There is an open door here.
You hear some strange, mumbled words.
A shard of ice appears from out of thin air!
The shard of ice misses you.
Your protection from physical attacks is fading.
You hear some strange, mumbled words.
A shard of ice appears from out of thin air!
The shard of ice hits you! You partially resist.
* * * LOW HITPOINT WARNING * * *
You hear some strange, mumbled words.
A shard of ice appears from out of thin air!
The shard of ice hits you! You partially resist.
You die...

.# ###)###)## #.# #.# ##)## #.#
#.# ##.## #.# #.# ##)## #.# #.#
##)## #.##.# ##)##### # #'#'##
##'##.### # ##...#########)....#
#######...s.s{..@..'.....########
e.....'..§.§########...).'.......
#######.....# #'##.#'######## #
##...## ##.# ####.## .# #####
##.# ##.## #.# ##.###### ##.##
#.# ##.......# ##.## #.#
##.##'#'#'# ##.## #.# ###
##)###.#.#)# ##.##


You could see a demonic crawler and a redback.

Vanquished Creatures
  Jorgrun (Spider:3)
  Rupert (Spider:1)
  Frances (Lair:5)
  Kirke (Lair:5)
  Wiglaf (Spider:1)
  Maud (Lair:8)
  2 ghost moths
  7 emperor scorpions
  Azrael (D:14)
  A salamander stormcaller (D:13)
  A dire elephant (D:14)
  The ghost of AvylaarBelgium the Fighter, a powerful DsBe of Trog (Elf:1)
  Snorg (D:11)
  7 entropy weavers
  Erolcha (D:11)
  Josephine (Orc:3)
  2 ogre magi
  4 vault guards
  5 hydras
  The ghost of Gaunah the Spear-Bearer, a powerful MfGl of Okawaru (Lair:2)
  2 catoblepae
  5 centaur warriors
  10 death yaks
  3 orc high priests
  A deep troll shaman (Lair:8)
  6 deep elf knights (Elf:1)
  2 unseen horrors (D:11)
  A small abomination (Elf:1)
  An ice devil (IceCv)
  3 ice statues
  2 deep elf summoners (Elf:1)
  Pikel (D:4)
  A lindwurm (Lair:8)
  6 hill giants
  9 orb spiders
  2 cyclopes
  4 ugly things
  6 deep elf conjurers (Elf:1)
  23 wolf spiders
  2 oklob plants (Lair:5)
  4 orc sorcerers
  9 hornets
  6 orc knights
  3 manticores
  6 centaur zombies
  9 elephants
  Maurice (Orc:4)
  An octopode (shapeshifter) (D:12)
  16 spiny frogs
  A gargoyle (D:11)
  2 torpor snails
  5 black mambas
  7 centaur skeletons
  14 demonic crawlers
  3 kobold demonologists (D:11)
  2 fire drakes
  14 komodo dragons
  3 trolls
  7 deep elf priests (Elf:1)
  22 jumping spiders
  5 polar bears
  A queen bee (Spider:1)
  8 blue devils
  A trapdoor spider zombie (D:13)
  26 blink frogs
  3 two-headed ogres
  A boulder beetle (D:15)
  2 hornet zombies (D:15)
  7 slime creatures
  44 redbacks
  23 trapdoor spiders
  A vampire (D:13)
  Sigmund (D:4)
  17 deep elf magi
  A spriggan (shapeshifter) (D:14)
  4 wyverns
  6 hogs
  4 wraiths
  71 yaks
  A spriggan (D:7)
  24 tarantellas
  2 shadows
  5 hungry ghosts
  Eustachio (D:6)
  2 basilisks
  10 fire elementals (D:14)
  7 hippogriffs
  6 deep elf fighters
  A yak (shapeshifter) (D:14)
  A steam dragon (D:10)
  12 wolves (Lair:8)
  3 soldier ants
  9 vampire mosquitoes
  23 orc warriors
  7 wargs
  17 water moccasins
  A slave (D:4)
  11 porcupines
  6 black bears
  5 sky beasts
  17 spiders
  A necrophage (D:10)
  A phantom (D:5)
  9 ice beasts
  2 eyes of draining (D:14)
  19 ogres
  A wasp (Spider:4)
  16 crocodiles
  11 centaurs
  5 big kobolds
  A gnoll sergeant (D:6)
  11 giant frogs
  A wyvern skeleton (D:9)
  5 scorpions
  11 killer bees
  3 electric eels
  17 jellies
  A lava snake (Lair:6)
  10 crimson imps
  A giant frog skeleton (D:10)
  An iron imp (D:6)
  23 orc priests
  5 hounds
  39 orc wizards
  19 iguanas
  10 worker ants
  25 sheep
  A killer bee zombie (D:7)
  2 hound skeletons
  A worker ant zombie (D:9)
  16 adders
  3 gnolls (D:6)
  68 river rats
  11 white imps (IceCv)
  2 shadow imps
  2 ufetubi (IceCv)
  20 oozes
  2 adder zombies
  An adder skeleton (D:5)
  A worm (D:2)
  172 orcs
  A ball python (D:1)
  2 bats (D:1)
  4 giant cockroaches
  A goblin (D:3)
  8 hobgoblins
  3 quokkas
  A ball python skeleton (D:4)
  A ball python zombie (D:6)
  4 giant geckos
  4 giant newts
  19 kobolds
  2 quokka skeletons
  4 rats
  2 bushes
  A crawling corpse (Elf:1)
  69 fungi
  73 plants
1412 creatures vanquished.

Vanquished Creatures (collateral kills)
  2 emperor scorpions (Spider:4)
  A ghost moth (Spider:4)
  An elephant (Lair:3)
  A moth of wrath (Spider:4)
  A trapdoor spider (Spider:4)
  A redback (Spider:4)
  5 spiders (Spider:4)
  3 river rats (Lair:3)
15 creatures vanquished.

Vanquished Creatures (others)
  A yak (Lair:8)
  2 slaves (D:5)
  A centaur (D:5)
  3 white imps (IceCv)
  An ufetubus (IceCv)
  3 orcs
  A giant newt (D:5)
  A bush (Lair:8)
  A crawling corpse (Elf:1)
  A fire vortex (D:13)
  11 fungi
  41 plants
67 creatures vanquished.

Grand Total: 1494 creatures vanquished

Notes
Turn   | Place    | Note
--------------------------------------------------------------
     0 | D:1      | Kusio the Centaur Hunter began the quest for the Orb.
     0 | D:1      | Reached XP level 1. HP: 17/17 MP: 1/1
   337 | D:1      | Reached XP level 2. HP: 22/24 MP: 2/2
   484 | D:1      | Reached skill level 6 in Bows
   989 | D:2      | Reached XP level 3. HP: 21/29 MP: 3/3
  1216 | D:2      | Reached skill level 7 in Bows
  1244 | D:2      | Found a stormy altar of Qazlal.
  1351 | D:2      | Became a worshipper of Qazlal Stormbringer
  1620 | D:3      | Reached XP level 4. HP: 36/36 MP: 4/4
  1833 | D:3      | Found a shimmering altar of Xom.
  2205 | D:3      | Noticed an angel
  2206 | D:3      | Found a glowing silver altar of Zin.
  2747 | D:3      | Found a blossoming altar of Fedhas.
  2925 | D:3      | Reached skill level 8 in Bows
  3079 | D:4      | Reached XP level 5. HP: 28/41 MP: 5/5
  3109 | D:4      | Acquired Qazlal's first power
  3131 | D:4      | Found a sacrificial altar of Ru.
  3181 | D:4      | Reached skill level 9 in Bows
  3326 | D:4      | Noticed an ogre
  3330 | D:4      | Killed an ogre
  3330 | D:4      | Reached XP level 6. HP: 48/48 MP: 6/6
  3354 | D:4      | Noticed Sigmund
  3405 | D:4      | Killed Sigmund
  3405 | D:4      | Reached skill level 10 in Bows
  3580 | D:4      | Reached skill level 11 in Bows
  3580 | D:4      | Reached XP level 7. HP: 32/55 MP: 7/7
  4001 | D:5      | Entered Level 5 of the Dungeon
  4023 | D:5      | Noticed Pikel
  4441 | D:4      | Killed Pikel
  4441 | D:4      | Reached skill level 13 in Bows
  4441 | D:4      | Reached XP level 8. HP: 32/61 MP: 8/8
  4987 | D:5      | Found a radiant altar of Vehumet.
  4990 | D:5      | Found an opulent altar of Gozag.
  4993 | D:5      | Found a shattered altar of Ashenzari.
  5279 | D:5      | Found a burning altar of Makhleb.
  5330 | D:5      | Found Yreigul's Distillery.
  5338 | D:5      | Bought a potion of curing for 42 gold pieces
  5338 | D:5      | Bought a potion of might for 56 gold pieces
  5338 | D:5      | Bought a potion of flight for 42 gold pieces
  5338 | D:5      | Bought 2 potions of mutation for 70 gold pieces
  5338 | D:5      | Bought a potion of heal wounds for 70 gold pieces
  5338 | D:5      | Gained mutation: You have a somewhat thin skeletal structure (Dex +2, Stealth). [potion of mutation]
  5338 | D:5      | Gained mutation: You are occasionally teleported to nearby monsters. [potion of mutation]
  5338 | D:5      | Gained mutation: You are dopey. (Int -2) [potion of mutation]
  5339 | D:5      | Gained mutation: You evolve. [potion of mutation]
  5339 | D:5      | Gained mutation: You are covered in fur (AC +1). [potion of mutation]
  5340 | D:5      | Gained mutation: You heal slowly when monsters are visible. [potion of mutation]
  5340 | D:5      | Gained mutation: Your body sometimes deteriorates upon taking damage. [potion of mutation]
  5429 | D:6      | Acquired Qazlal's second power
  5450 | D:6      | Noticed Eustachio
  5568 | D:6      | Killed Eustachio
  5568 | D:6      | Reached skill level 14 in Bows
  5902 | D:6      | Reached skill level 5 in Fighting
  5902 | D:6      | Reached XP level 9. HP: 46/74 MP: 9/9
  6016 | D:6      | Gained mutation: You can translocate small distances at will. [evolution]
  6025 | D:6      | Found a snail-covered altar of Cheibriados.
  6044 | D:6      | Found a shattered altar of Ashenzari.
  6078 | D:6      | Found Ticirua's Gadget Boutique.
  6976 | D:7      | Found a staircase to the Ecumenical Temple.
  7109 | D:7      | Acquired Qazlal's third power
  7193 | D:7      | Reached skill level 15 in Bows
  7335 | D:7      | Reached skill level 1 in Throwing
  7402 | D:7      | Found a white marble altar of Elyvilon.
  7891 | D:8      | Lost mutation: Your body sometimes deteriorates upon taking damage. [potion of cure mutation]
  7891 | D:8      | Lost mutation: You heal slowly when monsters are visible. [potion of cure mutation]
  7891 | D:8      | Lost mutation: You are covered in fur (AC +1). [potion of cure mutation]
  7891 | D:8      | Lost mutation: You are dopey. (Int -2) [potion of cure mutation]
  7891 | D:8      | Lost mutation: You are occasionally teleported to nearby monsters. [potion of cure mutation]
  7891 | D:8      | Lost mutation: You have a somewhat thin skeletal structure (Dex +2, Stealth). [potion of cure mutation]
  8329 | D:9      | Found Opostouj's Magic Scroll Shop.
  8346 | D:9      | Bought a scroll of magic mapping for 49 gold pieces
  8346 | D:9      | Bought a scroll of immolation for 49 gold pieces
  8464 | D:9      | Reached XP level 10. HP: 86/86 MP: 10/10
  8574 | D:9      | Found a shadowy altar of Dithmenos.
  8633 | D:9      | Reached skill level 5 in Throwing
  8651 | D:9      | Found a staircase to the Lair.
  8986 | D:9      | Acquired Qazlal's fourth power
  9080 | D:10     | Entered Level 10 of the Dungeon
  9799 | D:11     | Reached skill level 1 in Evocations
 10099 | D:11     | Noticed a hill giant
 10121 | D:11     | Killed a hill giant
 10205 | D:11     | Noticed a red ugly thing
 10272 | D:11     | Killed a red ugly thing
 10326 | D:11     | Noticed Snorg
 10344 | D:11     | HP: 3/91 [Snorg (15)]
 10460 | D:11     | Reached XP level 11. HP: 31/97 MP: 13/13
 10534 | D:11     | Killed Snorg
 10674 | D:11     | Noticed an unseen horror
 10685 | D:11     | Killed an unseen horror
 10696 | D:11     | Noticed Erolcha
 10710 | D:11     | Paralysed by Erolcha for 6 turns
 10716 | D:11     | HP: 4/97 [Erolcha/giant club (11)]
 10900 | D:11     | Killed Erolcha
 10943 | D:11     | Reached skill level 5 in Evocations
 11087 | D:11     | Reached skill level 10 in Fighting
 11225 | D:11     | Reached skill level 10 in Throwing
 11303 | D:12     | Acquired Qazlal's fifth power
 11384 | D:12     | Noticed a hill giant
 11465 | D:11     | Killed a hill giant
 11532 | D:12     | Got a twisted ring mail
 11537 | D:12     | Noticed a hill giant
 11560 | D:12     | Killed a hill giant
 11569 | D:12     | Identified the cursed +1 ring mail "Nussary" {Regen+ Str-3 Int+5} (You found it on level 12 of the Dungeon)
 11752 | D:12     | Reached skill level 1 in Invocations
 11863 | D:12     | Found a staircase to the Orcish Mines.
 12078 | D:12     | Got a bloodstained ring mail
 12089 | D:12     | Identified the cursed +0 ring mail of Serendipity {rF+} (You found it on level 12 of the Dungeon)
 12557 | D:12     | Reached XP level 12. HP: 75/108 MP: 16/16
 12631 | D:13     | Noticed a centaur warrior
 12951 | D:13     | Noticed a centaur warrior
 12953 | D:13     | Killed a centaur warrior
 13124 | D:13     | Killed a centaur warrior
 13283 | D:13     | Reached skill level 16 in Bows
 13293 | D:13     | Found a sacrificial altar of Ru.
 13371 | D:13     | Found Gugrokix's Distillery.
 13376 | D:13     | Bought a potion of beneficial mutation for 350 gold pieces
 13376 | D:13     | Gained mutation: You are resistant to hostile enchantments. [potion of beneficial mutation]
 13651 | D:13     | Noticed a salamander stormcaller
 13674 | D:13     | Killed a salamander stormcaller
 13674 | D:13     | Reached skill level 5 in Invocations
 14211 | D:14     | Noticed a vault guard
 14251 | D:13     | Killed a vault guard
 14289 | D:14     | Noticed a vault guard
 14406 | D:13     | Killed a vault guard
 14518 | D:14     | Noticed a centaur warrior
 14526 | D:14     | Killed a centaur warrior
 14603 | D:14     | Noticed a vault guard
 14626 | D:14     | Killed a vault guard
 14626 | D:14     | Reached XP level 13. HP: 74/117 MP: 19/19
 14695 | D:14     | Noticed a centaur warrior
 14723 | D:13     | Killed a centaur warrior
 15238 | D:14     | Noticed a vault guard
 15257 | D:14     | Killed a vault guard
 15257 | D:14     | Reached skill level 17 in Bows
 15398 | D:14     | Found a gate to the Vaults.
 15776 | D:14     | Noticed Azrael
 15895 | D:14     | Killed Azrael
 16108 | D:15     | Entered Level 15 of the Dungeon
 16148 | D:14     | Reached skill level 1 in Long Blades
 16296 | D:15     | Noticed a dire elephant
 16366 | D:14     | Killed a dire elephant
 16519 | D:15     | Found a staircase to the Depths.
 16564 | D:15     | Found Buurammo's Weapon Emporium.
 17770 | D:9      | Reached XP level 14. HP: 127/127 MP: 21/21
 17851 | Lair:1   | Entered Level 1 of the Lair of Beasts
 19106 | Lair:2   | Reached skill level 18 in Bows
 19114 | Lair:2   | Reached skill level 10 in Evocations
 19139 | Lair:2   | Noticed Gaunah's ghost (powerful MfGl)
 19356 | Lair:2   | Killed Gaunah's ghost
 19356 | Lair:2   | Reached skill level 5 in Long Blades
 21771 | Lair:4   | Found a staircase to the Swamp.
 22150 | Lair:4   | You fall through a shaft for 3 floors!
 22277 | Lair:8   | Entered Level 8 of the Lair of Beasts
 23181 | Lair:8   | Found a staircase to the Slime Pits.
 23225 | Lair:8   | Reached XP level 15. HP: 85/134 MP: 20/22
 23511 | Lair:7   | Gained mutation: You are partially covered in thin metallic scales (AC +2). [evolution]
 24448 | Lair:5   | Found a radiant altar of Vehumet.
 24524 | Lair:5   | Reached skill level 10 in Long Blades
 24639 | Lair:5   | Found a frozen archway.
 24648 | IceCv    | Entered an ice cave
 25557 | Lair:5   | Found a hole to the Spider Nest.
 26250 | Lair:8   | Noticed Maud
 26485 | Lair:8   | Killed Maud
 26659 | Lair:8   | Lost mutation: You evolve. [evolution]
 27516 | Lair:8   | Got a smoking copper amulet
 27521 | Lair:8   | Identified the amulet of Reiwaria {Clar +Blink Str+3 Dex+4} (You found it on level 8 of the Lair of Beasts)
 27523 | Lair:8   | Upgraded the game from 0.17-a0-1920-gafa4d75 to 0.17-a0-1923-gc35365e
 28349 | Orc:1    | Entered Level 1 of the Orcish Mines
 29211 | Orc:3    | Reached skill level 1 in Armour
 29245 | Orc:3    | Noticed Josephine
 29278 | Orc:3    | Killed Josephine
 29300 | Orc:3    | Found Zoes's General Store.
 29335 | Orc:3    | Bought a scroll of magic mapping for 49 gold pieces
 29612 | Orc:4    | Entered Level 4 of the Orcish Mines
 30106 | Orc:4    | Noticed Maurice
 30132 | Orc:4    | Killed Maurice
 30333 | Orc:4    | Found a staircase to the Elven Halls.
 30562 | Orc:4    | Reached XP level 16. HP: 107/141 MP: 23/23
 31169 | Orc:4    | Found Quvezin's Assorted Antiques.
 31169 | Orc:4    | Found Nyephu's Antique Armour Boutique.
 31178 | Orc:4    | Found Bozowor's Antique Weapon Shoppe.
 31178 | Orc:4    | Found Foahue's Antique Armour Boutique.
 31186 | Orc:4    | Bought a bloodstained shortbow for 296 gold pieces
 31186 | Orc:4    | Identified the +8 shortbow "Alaow" {freeze, rN+} (You bought it in a shop on level 4 of the Orcish Mines)
 31195 | Orc:4    | Bought a runed hat for 88 gold pieces
 31195 | Orc:4    | Bought a pair of glowing gloves for 99 gold pieces
 31960 | Spider:1 | Entered Level 1 of the Spider Nest
 31960 | Spider:1 | Noticed Frances
 31962 | Spider:1 | Noticed Kirke
 32140 | Lair:5   | Paralysed by a sphinx for 4 turns
 32606 | Lair:5   | HP: 3/141 [poisoned by a redback]
 32850 | Lair:5   | Killed Kirke
 32933 | Lair:5   | Killed Frances
 33485 | Spider:1 | Noticed Rupert
 33523 | Spider:1 | Killed Rupert
 34481 | Spider:1 | Reached skill level 10 in Invocations
 35536 | Spider:2 | Noticed Wiglaf
 35609 | Spider:1 | Killed Wiglaf
 35808 | Spider:2 | Reached skill level 1 in Shields
 36380 | Spider:2 | You fall through a shaft!
 37018 | Spider:3 | Noticed Jorgrun
 37052 | Spider:3 | Killed Jorgrun
 37873 | Spider:3 | Reached XP level 17. HP: 69/148 MP: 25/25
 38461 | Spider:4 | Entered Level 4 of the Spider Nest
 39272 | Spider:4 | Identified 2 scrolls of acquirement
 41282 | Spider:4 | Got a gossamer rune of Zot
 42130 | Elf:1    | Entered Level 1 of the Elven Halls
 43255 | Elf:1    | Found a portal to a secret trove of treasure.
 43472 | Elf:1    | Noticed AvylaarBelgium's ghost (powerful DsBe)
 43532 | Elf:1    | Killed AvylaarBelgium's ghost
 43610 | Elf:1    | Killed from afar by a deep elf knight

Vault maps used:
D:1:      evilmike_arrival_hilbert_curve
D:2:      nicolae_overflow_crystal_walls, first_bread
D:3:      grunt_temple_overflow_order_and_chaos_1, fedhas_altar_fruit_tree
D:4:      nicolae_ru_awakened_eye, uniq_sigmund
D:5:      lemuel_doored_altar, grunt_temple_overflow_diamond, serial_shops,
          nicolae_shop_behind_doors, uniq_pikel
D:6:      slow_altar_2, serial_shops, shop, nicolae_ashenzari_panopticon,
          uniq_eustachio
D:7:      kennysheep_mini, minmay_temple_entry_statues_fountains,
          abandoned_shop, the_bakery
D:9:      grunt_dithmenos_shadows, erik_lair_orcish_takeover, serial_shops,
          nicolae_shop_statue_plus
D:11:     uniq_snorg, uniq_erolcha
D:12:     orc_0_dummy
D:13:     serial_shops, shop, basic_altar
D:14:     lightli_vaults_fourway_checkpoint, minmay_guarded_unrand_flaming_death
D:15:     hangedman_depths_entry_try_elsewhere_first, hangedman_decor_lopped,
          serial_shops, shop
Lair:1:   columned_hall_lemuel, lemuel_fruit_tree
Lair:2:   beast_lair_carwin_large_4, grunt_megastairs_3
Lair:3:   grunt_forest_small_clearing_treed, infiniplex_staircase_pool
Lair:4:   minmay_swamp_entry_swarm, st_stairs_9, serial_bayou_shore_a
Lair:5:   lemuel_slime, spider_nest_entry_webs, basic_altar,
          portal_ice_cave_entry_pillars_01
Lair:6:   infiniplex_staircase_pool_2
Lair:7:   serial_forest, infiniplex_forest_clump_medium,
          infiniplex_forest_lined_4_way, infiniplex_forest_lined_2,
          infiniplex_forest_straight_1, infiniplex_forest_straight_4,
          infiniplex_forest_lined_room_2, infiniplex_forest_clump_curved,
          ice2_lemuel
Lair:8:   grunt_lair_end_beastmaster, nicolae_slime_entry_slimehenge,
          grunt_megastairs_4, uniq_maud
Spider:1: nicolae_looking_at_the_future, uniq_frances, uniq_rupert, uniq_kirke
Spider:2: uniq_wiglaf
Spider:3: uniq_jorgrun
Spider:4: spider_rune_water
Orc:1:    serial_shops, nicolae_shop_stone
Orc:3:    serial_shops, shop_fountains, nicolae_orc_pool_cavern, uniq_josephine
Orc:4:    grunt_orc_tribal_feast, uniq_maurice
Elf:1:    minmay_elf_arrival_summoners, enter_trove_1, minmay_elf_sorcery
IceCv:    ice_cave_small_demon

Action                   |  1- 3 |  4- 6 |  7- 9 | 10-12 | 13-15 | 16-18 || total
-------------------------+-------+-------+-------+-------+-------+-------++-------
Melee: Short sword       |     8 |    18 |   100 |       |       |       ||   126
       Scimitar          |       |       |       |       |   833 |   720 ||  1553
 Fire: Shortbow          |    79 |   129 |   386 |  1076 |  1906 |   581 ||  4157
       Blowgun           |       |       |       |       |    18 |    10 ||    28
Throw: Tomahawk          |       |    13 |    48 |       |     3 |       ||    64
Invok: Upheaval          |       |       |       |     1 |     9 |     9 ||    19
       Elemental Force   |       |       |       |       |     2 |     1 ||     3
       Disaster Area     |       |       |       |       |     1 |     2 ||     3
 Abil: Blink             |       |       |       |     1 |       |     2 ||     3
       Evoke Blink       |       |       |       |       |       |     5 ||     5
Evoke: Wand              |       |       |     3 |     3 |     3 |     8 ||    17
       Box of beasts     |       |       |       |       |       |    10 ||    10
       Phantom mirror    |       |       |       |       |       |     1 ||     1
       Sack of spiders   |       |       |       |       |       |     4 ||     4
  Use: Scroll            |       |     2 |     9 |    10 |    19 |    12 ||    52
       Potion            |       |       |     6 |     7 |     4 |     7 ||    24
 Stab: Distracted        |       |       |       |       |       |     1 ||     1
  Eat: Chunk             |       |     3 |    10 |    17 |    43 |    11 ||    84
       Royal jelly       |       |     1 |     2 |       |     2 |       ||     5
       Fruit             |       |       |       |     4 |     5 |    12 ||    21
       Pizza             |       |       |       |       |     4 |     1 ||     5
       Bread ration      |       |       |       |       |       |     4 ||     4
       Beef jerky        |       |       |       |       |       |     4 ||     4
